 Dungeon Crawl Stone Soup version 0.29-a0-275-g389c0b56f3 (webtiles) character file.

Game seed: 131847200080631373

1470 sammy202020 the Shield-Bearer (level 8, -7/73 HPs)
             Began as a Minotaur Fighter on Mar 9, 2022.
             Mangled by a two-headed ogre
             ... wielding a +0 giant club
              (21 damage)
             ... on level 6 of the Dungeon.
             The game lasted 00:07:54 (4280 turns).

sammy202020 the Shield-Bearer (Minotaur Fighter)    Turns: 4280, Time: 00:07:56

Health: -7/73      AC: 12    Str: 27    XL:     8   Next: 49%
Magic:  7/7        EV:  9    Int:  7    God:
Gold:   260        SH:  5    Dex:  9    Spells: 7/7 levels left

rFire   + . .      SeeInvis .   n - +8 hand axe "Memek" {flame, rN+ Str+5}
rCold   + . .      Faith    .   c - +0 buckler
rNeg    + . .      Spirit   .   x - +0 chain mail
rPois   .          Reflect  .   (helmet restricted)
rElec   .          Harm     .   z - scarf {rC+ rF+}
rCorr   .          Rampage  .   (no gloves)
Will    +....                   q - +0 pair of boots
Stlth   ..........              j - amulet of magic regeneration
HPRegen 0.22/turn               f - +4 ring of slaying
MPRegen 0.50/turn               u - ring of willpower

@: hasted, very quick
A: horns 2, retaliatory headbutt
a: no special abilities


You were on level 6 of the Dungeon.
You visited 1 branch of the dungeon, and saw 6 of its levels.

You collected 260 gold pieces.

Inventory:

Hand Weapons
 a - a +0 flail
 n - the +8 hand axe "Memek" (weapon) {flame, rN+ Str+5}
   (You found it on level 2 of the Dungeon)

   It burns those it strikes, dealing additional fire damage.
   Big, fiery blades are also staple armaments of hydra-hunters.
   Str:       It affects your strength (+5).
   rN:        It protects you from negative energy.
 s - a +1 morningstar of protection
Missiles
 g - 5 javelins (quivered)
Armour
 c - a +0 buckler (worn)
 q - a +0 pair of boots (worn)
 x - a +0 chain mail (worn)
 z - a scarf of resistance (worn)
Jewellery
 b - a ring of flight
 e - a ring of ice
 f - a +4 ring of slaying (left hand)
 i - a +6 ring of intelligence
 j - an amulet of magic regeneration (around neck)
 u - a ring of willpower (right hand)
 v - a ring of positive energy
Wands
 o - a wand of acid (11)
 y - a wand of charming (12)
Scrolls
 k - a scroll of immolation
 m - 2 scrolls of teleportation
 r - a scroll of magic mapping
 A - 4 scrolls of identify
Potions
 d - a potion of might
 h - a potion of attraction
 l - a potion of haste
 p - 4 potions of curing
 t - a potion of lignification
 w - a potion of flight
 B - a potion of degeneration {unknown}


   Skills:
 * Level 7.2 Fighting
 + Level 3.8(4.3) Axes
 - Level 3.0(3.9) Maces & Flails
 * Level 7.3 Armour
 + Level 3.7 Dodging
 * Level 7.4 Shields


You had 7 spell levels left.
You didn't know any spells.
Your spell library contained the following spells:

 Spells                   Type           Power      Damage    Failure   Level
 Sandblast                Erth           0%         2d4       96%         1
 Shock                    Conj/Air       0%         1d3       96%         1
 Blink                    Tloc           0%         N/A       99%         2
 Passwall                 Tmut/Erth      0%         N/A       99%         2
 Sublimation of Blood     Necr           0%         N/A       99%         2
 Frozen Ramparts          Ice            0%         1d2       100%        3
 Lesser Beckoning         Tloc           0%         N/A       100%        3
 Stone Arrow              Conj/Erth      0%         3d7       100%        3
 Swiftness                Air            0%         N/A       100%        3
 Airstrike                Air            0%         N/A       100%        4
 Ice Form                 Ice/Tmut       0%         N/A       100%        4
 Petrify                  Tmut/Erth      0%         N/A       100%        4
 Summon Ice Beast         Ice/Summ       0%         N/A       100%        4
 Irradiate                Conj/Tmut      0%         3d13      100%        5
 Manifold Assault         Tloc           0%         N/A       100%        5


Dungeon Overview and Level Annotations

Branches:
Dungeon (6/15)             Temple (0/1) D:4

Altars:
Ashenzari
Yredelemnul


Innate Abilities, Weirdness & Mutations

You have a pair of horns on your head.
You reflexively headbutt those who attack you in melee.


Message History

You slash the gnoll sergeant! You burn the gnoll sergeant.
You headbutt the gnoll sergeant.
You kill the gnoll sergeant!
The centaur shoots an arrow.
The arrow hits you.
The centaur shoots an arrow.
The arrow hits you!
The centaur shoots an arrow.
The arrow hits you but does no damage.
The centaur shoots an arrow.
The arrow closely misses you.
Things that are here:
a +0 club; 9 stones The centaur shoots an arrow.
The arrow barely misses you.
The centaur shoots an arrow.
The arrow hits you!
* * * LOW HITPOINT WARNING * * *
The centaur shoots an arrow.
The arrow hits you!
* * * LOW HITPOINT WARNING * * *
Sorry, you're not good enough to have a special ability.
You feel better.
You feel yourself speed up.
The centaur unwields a +0 shortbow.
The centaur closely misses you.
The centaur kicks you but does no damage.
You slash the centaur! You burn the centaur. You headbutt the centaur.
The centaur is heavily wounded.
The centaur hits you but does no damage.
The centaur kicks you but does no damage.
The centaur barely misses you.
The centaur kicks you but does no damage.
You slash the centaur! You burn the centaur.
You kill the centaur!
You block the two-headed ogre's attack. The two-headed ogre closely misses you.
Things that are here:
a +0 shortbow; 24 stones; a centaur corpse You slash the two-headed ogre!
You burn the two-headed ogre.
Your headbutt misses the two-headed ogre.
The two-headed ogre is moderately wounded.
You slash the two-headed ogre! You burn the two-headed ogre.
You headbutt the two-headed ogre.
The two-headed ogre is severely wounded.
The gnoll hits you from afar with a +0 spear.
* * * LOW HITPOINT WARNING * * *
The two-headed ogre hits you with a +0 giant club!!
You die...

.. #######.## ##.#
##...#..... ...
##........:. ## #..
#........... # #. ...#
#...........
#.####.##.#.#
#........... .........
#.# ##.........#
#....###.# ##...#...##
#...g..#@#########.#...##
#...)#gO..........(###.##
#....#####........## #..#
#....# #........#####..
#....# #..........))...
###### ...........)####.
..##<......#...###
####...>....###.# #
.........# #.###


You could see a two-headed ogre and a gnoll.

Vanquished Creatures
  A human (D:3)
  A water moccasin (D:5)
  A black bear (D:5)
  A centaur (D:6)
  A bullfrog (D:4)
  3 scorpions
  A gnoll sergeant (D:6)
  A necrophage (D:6)
  5 wights (D:6)
  A howler monkey (D:5)
  A hound (D:6)
  A human zombie (D:3)
  An orc priest (D:3)
  2 orc wizards
  2 iguanas
  Robin (D:4)
  2 gnolls (D:6)
  10 adders
  An ufetubus (D:4)
  A worm (D:3)
  3 dart slugs
  9 orcs
  8 ball pythons
  3 endoplasms
  4 giant cockroaches
  13 hobgoblins
  7 jackals
  5 kobolds
  3 quokkas
  5 bats
  A frilled lizard (D:3)
  7 goblins
  4 rats
110 creatures vanquished.

Vanquished Creatures (others)
  5 plants (D:4)
5 creatures vanquished.

Grand Total: 115 creatures vanquished

Notes
Turn   | Place    | Note
-------+----------+-------------------------------------------
     0 | D:1      | sammy202020 the Minotaur Fighter began the quest for the
                  | Orb.
     0 | D:1      | Reached XP level 1. HP: 19/19 MP: 0/0
   257 | D:1      | Reached XP level 2. HP: 27/27 MP: 1/1
   604 | D:2      | Reached XP level 3. HP: 33/33 MP: 2/2
   730 | D:2      | Identified the +8 hand axe "Memek" {flame, rN+ Str+5}
   881 | D:2      | Reached skill level 1 in Dodging
   956 | D:2      | Found a faded altar of an unknown god.
  1303 | D:3      | Reached XP level 4. HP: 40/40 MP: 3/3
  1331 | D:3      | You fall into a shaft and drop 1 floor!
  1339 | D:4      | Noticed a scorpion
  1342 | D:4      | Killed a scorpion
  1343 | D:4      | Reached skill level 1 in Axes
  1480 | D:4      | Found a staircase to the Ecumenical Temple.
  1486 | D:4      | Reached XP level 5. HP: 47/47 MP: 4/4
  1497 | D:4      | Noticed Robin
  1509 | D:4      | Killed Robin
  1715 | D:3      | Reached skill level 5 in Shields
  1716 | D:3      | Reached skill level 5 in Armour
  1719 | D:3      | Reached skill level 5 in Fighting
  1771 | D:3      | Reached XP level 6. HP: 15/56 MP: 5/5
  2101 | D:3      | Found a runed translucent door.
  2101 | D:3      | Found a basalt altar of Yredelemnul.
  2101 | D:3      | Noticed a human
  2128 | D:3      | Killed a human
  2806 | D:4      | Reached XP level 7. HP: 58/62 MP: 6/6
  3085 | D:5      | Entered Level 5 of the Dungeon
  3181 | D:5      | Found a broken altar of Ashenzari.
  3727 | D:5      | Found a glowing drain.
  4138 | D:6      | Reached XP level 8. HP: 71/71 MP: 7/7
  4265 | D:6      | Noticed a two-headed ogre
  4280 | D:6      | Mangled by a two-headed ogre

Illustrated notes

Levels and vault maps discovered:
D:1:      mrwooster_arrival_statue, layout_basic
D:2:      layout_loops_ring, ebering_ecumenical_altar_ruins
D:3:      layout_basic, dk_yredelemnul_ordeal
D:4:      layout_loops_cross, minmay_temple_entry_gardened_gates, uniq_robin
D:5:      layout_loops_corners, ashenzari_altar_1, gup_sewer_entry_glass
D:6:      layout_rooms

Skill      XL: |  1  2  3  4  5  6  7  8 |
---------------+-------------------------+-----
Shields        | 4 5 6 7 |  7.4
Armour         | 4 5 6 7 |  7.3
Fighting       | 4 5 6 7 |  7.2
Maces & Flails | 3 |  3.0
Dodging        | 1 2 3 |  3.7
Axes           | 1 2 3 |  3.8

Action                   |  1- 3 |  4- 6 |  7- 9 || total
-------------------------+-------+-------+-------++-------
Melee: Flail             |    38 |       |       ||    38
       Headbutt          |     5 |    10 |    10 ||    25
       Hand axe          |    17 |    64 |    57 ||   138
  Use: Scroll            |       |     8 |     3 ||    11
       Potion            |       |       |     2 ||     2
Armor: Scale mail        |    24 |    12 |       ||    36
       Chain mail        |       |    18 |    26 ||    44
Dodge: Dodged            |    19 |    21 |    35 ||    75
Block: Buckler           |    12 |    12 |    16 ||    40

Table legend: (Time is in decaauts)
 A = Elapsed time spent in this place.
 B = Non-inter-level travel time spent in this place.
 C = Inter-level travel time spent in this place.
 D = Time resting spent in this place.
 E = Time spent auto-exploring this place.
 F = Levels seen in this place.
 G = Mean time per level.
                   A        B        C        D        E       F      G
               +--------+--------+--------+--------+--------+-----+--------+
         Total |   4318 |   4176 |    142 |    364 |   3041 |   6 |  719.7 |
       Dungeon |   4318 |   4176 |    142 |    364 |   3041 |   6 |  719.7 |
               +--------+--------+--------+--------+--------+-----+--------+

Top non-repeatable levels by time:
     D:3: 1079 daAuts
     D:5: 1052 daAuts
     D:4: 798 daAuts
     D:2: 680 daAuts
     D:1: 555 daAuts
     D:6: 152 daAuts
